 Dungeon Crawl Stone Soup version 0.25-a0-589-g1e14c549ee (webtiles) character file.

Game seed: 15688273086372517055, levelgen mode: deterministic

314 HailSeitan the Slasher (level 6, -1/47 HPs)
             Began as a Barachi Fighter on Mar 9, 2020.
             Slain by a wight
             ... wielding a +3 flail
              (7 damage)
             ... on level 3 of the Dungeon.
             The game lasted 00:04:22 (1952 turns).

HailSeitan the Slasher (Barachi Fighter)            Turns: 1952, Time: 00:04:22

Health: -1/47      AC:  9    Str: 17 (19) XL:     6   Next: 43%
Magic:  6/6        EV:  7    Int:  8 (11) God:
Gold:   162        SH:  9    Dex: 11 (12) Spells: 5/5 levels left

rFire    . . .     SeeInvis .   a - +0 long sword
rCold    . . .     Gourm    .   c - +0 kite shield
rNeg     . . .     Faith    .   b - +0 scale mail
rPois    .         Spirit   .   n - +0 helmet
rElec    .         Reflect  .   (no cloak)
rCorr    .         Harm     .   (no gloves)
MR       .....                  j - +0 pair of boots
Stlth    ..........             (no amulet)
HPRegen  0.15/turn              e - +3 ring of intelligence
MPRegen  0.10/turn              (no ring)

@: can't hop, flying, lightly drained, slow
A: +LOS, swims, slowness 1, strong legs 1
a: Hop


You were on level 3 of the Dungeon.
You were hungry.

You visited 1 branch of the dungeon, and saw 3 of its levels.

You collected 162 gold pieces.

Inventory:

Hand Weapons
 a - a +0 long sword (weapon)
Armour
 b - a +0 scale mail (worn)
 c - a +0 kite shield (worn)
 j - a +0 pair of boots (worn)
 n - a +0 helmet (worn)
Jewellery
 e - a +3 ring of intelligence (left hand)
Scrolls
 g - a scroll of fog
 l - a scroll of magic mapping {unknown}
 m - a scroll of fear
 o - a scroll of amnesia {unknown}
Potions
 h - a potion of curing
 i - a potion of haste
Comestibles
 f - 4 rations
 p - 3 chunks of flesh


   Skills:
 - Level 3.6(3.1) Fighting
 - Level 7.3(6.7) Long Blades
 - Level 3.6(3.1) Armour
 + Level 4.3(3.8) Shields


You had 5 spell levels left.
You didn't know any spells.
Your spell library contained the following spells:

 Spells                   Type           Power        Failure   Level  Hunger
 Magic Dart               Conj           #...         99%         1    ##.....
 Blink                    Tloc           N/A          100%        2    ###....
 Call Imp                 Summ           #.......     100%        2    ###....
 Slow                     Hex            #.......     100%        2    ###....
 Conjure Flame            Conj/Fire      #.......     100%        3    ####...
 Mephitic Cloud           Conj/Pois/Air  #.......     100%        3    ####...


Dungeon Overview and Level Annotations

Branches:
Dungeon (3/15)

Altars:
Elyvilon
Nemelex Xobeh
Wu Jian


Innate Abilities, Weirdness & Mutations

You can be seen from farther away. (+LOS)
You can swim through water.
You cover ground slowly.
You can hop short distances.


Message History

The wight is severely damaged.
The wight completely misses you.
You hit the wight.
The wight is almost destroyed.
You closely miss the wight.
The wight is almost destroyed.
The wight hits you but does no damage.
Your shield prevents you from hitting the wight.
The wight is almost destroyed.
The wight hits you with a +3 flail.
* * * LOW HITPOINT WARNING * * *
You closely miss the wight.
The wight is almost destroyed.
The wight hits you with a +3 flail.
* * * LOW HITPOINT WARNING * * *
You feel drained.
You hit the wight but do no damage.
The wight is almost destroyed.
The wight hits you with a +3 flail!
You die...

.# #. .#.#.#. #.#
#.#.#.#.#.# #!#
#.#.#.#.#.#. #.#
#.#.# #.#.#.# #.#
#.#.# .#.#.#.
#.#.#.#.#.#.#.#.#.#.#
#.#.#.#.#.#.#.#.#.#.
#.#.#.#.#.#.#.#.#.#
#@#.#.#.#.#.#.#.#.
#.#z#.#.#.#.#.#.#.#
#.#.#.#.#.#g#.#.#.#.
#.#b# #.#.#.#.#.#.#.#
#.#.# #.#.#.#.#.#.#.
..... #.#.#.#.#.#.#
..... #)#.#.#.#+#+#.
..... #.######.......
..... #. #.......


You could see a wight.

Vanquished Creatures
  Sigmund (D:2)
  2 wights (D:3)
  Robin (D:2)
  An ooze (D:2)
  2 adder zombies (D:2)
  2 worms
  2 dart slugs
  2 leopard geckos (D:2)
  An orc (D:3)
  A ball python (D:2)
  6 bats
  A bat skeleton (D:2)
  A bat zombie (D:2)
  A giant cockroach (D:1)
  13 goblins
  8 hobgoblins
  2 frilled lizards
  A giant cockroach zombie (D:2)
  A jackal skeleton (D:2)
  3 kobolds
  3 rats
55 creatures vanquished.

Notes
Turn   | Place    | Note
-------+----------+-------------------------------------------
     0 | D:1      | HailSeitan the Barachi Fighter began the quest for the Orb.
     0 | D:1      | Reached XP level 1. HP: 18/18 MP: 1/1
   213 | D:1      | Reached skill level 3 in Long Blades
   335 | D:1      | Reached XP level 2. HP: 24/24 MP: 2/2
   783 | D:2      | Reached skill level 4 in Long Blades
   862 | D:2      | Reached XP level 3. HP: 27/29 MP: 3/3
   935 | D:2      | Noticed Sigmund
   956 | D:2      | Killed Sigmund
   956 | D:2      | Reached skill level 6 in Long Blades
   956 | D:2      | Reached XP level 4. HP: 28/36 MP: 4/4
   956 | D:2      | Reached XP level 5. HP: 31/41 MP: 5/5
  1091 | D:2      | Found a sparkling altar of Nemelex Xobeh.
  1139 | D:2      | Found an ornate altar of the Wu Jian Council.
  1160 | D:2      | Reached skill level 7 in Long Blades
  1181 | D:2      | Noticed Robin
  1211 | D:2      | Killed Robin
  1436 | D:2      | Found a white marble altar of Elyvilon.
  1443 | D:2      | Reached XP level 6. HP: 47/47 MP: 6/6
  1952 | D:3      | Slain by a wight

Levels and vault maps discovered:
D:1:      matt_arrival_spirals, layout_basic
D:2:      layout_loops_ring, lemuel_doored_altar,
          nemelex_xobeh_ov_fountains_minmay, old_standard_altar, serial_undead,
          serial_undead_a, serial_undead_c, serial_undead_b, serial_undead_c,
          serial_undead_d, uniq_robin, uniq_sigmund
D:3:      layout_basic

Skill      XL: |  1  2  3  4  5  6 |
---------------+-------------------+-----
Long Blades    | 3 4 6 7 |  7.3
Shields        | 4 |  4.3
Fighting       | |  3.6
Armour         | |  3.6

Action                   |  1- 3 |  4- 6 || total
-------------------------+-------+-------++-------
Melee: Long sword        |    70 |   112 ||   182
 Abil: Hop               |       |     1 ||     1
  Use: Scroll            |     4 |       ||     4
       Potion            |     2 |     2 ||     4
  Eat: Chunk             |     1 |     3 ||     4
Armor: Scale mail        |    33 |    28 ||    61
Dodge: Dodged            |    26 |    29 ||    55
Block: Kite shield       |    29 |    44 ||    73
       Rpst.: Long sword |    11 |     9 ||    20

Table legend:
 A = Non-vault XP
 B = Vault XP
 C = Vault XP percentage of total XP
 D = Non-vault monster count
 E = Vault monster count
 F = Vault count percentage of total count
                 A         B        C        D         E       F
            +---------+---------+-------+---------+---------+-------
      Total |     187 |     262 |  58.4 |      35 |      20 |  36.4
            +---------+---------+-------+---------+---------+-------
        D:1 |      20 |       0 |   0.0 |      13 |       0 |   0.0
        D:2 |      38 |     262 |  87.3 |      14 |      20 |  58.8
        D:3 |     129 |       0 |   0.0 |       8 |       0 |   0.0
            +---------+---------+-------+---------+---------+-------
